 Dungeon Crawl Stone Soup version 0.31-a0-233-g139696dc86 (webtiles) character file.

Game seed: 10255844215618675725

747 garrulousMonolith the Digger (level 7, -4/41 HPs)
             Began as a Gargoyle Earth Elementalist on July 8, 2023.
             Was an Initiate of Gozag.
             Slain by a wyvern (5 damage)
             ... on level 4 of the Dungeon.
             The game lasted 00:05:22 (4713 turns).

garrulousMonolith the Digger (GrEE)                 Turns: 4713, Time: 00:05:23

Health: -4/41      AC:  6    Str: 12    XL:     7   Next: 77%
Magic:  1/12       EV: 11    Int: 17    God:    Gozag
Gold:   213        SH:  0    Dex: 10    Spells: 6/12 levels left

rFire   . . .        v - +3 whip
rCold   . . .        (no shield)
rNeg    + . .        u - +0 leather armour
rPois   ∞            (no helmet)
rElec   +            (no cloak)
rCorr   .            (no gloves)
SInv    .            (no boots)
Will    .....        (no amulet)
Stlth   ++           (no ring)
HPRegen 0.26/turn    (no ring)
MPRegen 0.13/turn

%: no passive effects
@: flying, very slightly contaminated
A: sickness immunity, AC +4, negative energy resistance 1, electricity
resistance, torment resistance 1, petrification resistance, big wings, hooves 1,
deformed body
a: Renounce Religion, Potion Petition, Call Merchant, Bribe Branch


You were on level 4 of the Dungeon.
You worshipped Gozag.
Gozag was aware of your devotion.
You visited 2 branches of the dungeon, and saw 5 of its levels.

You collected 277 gold pieces.
You paid 64 gold pieces to Gozag.

Inventory:

Hand Weapons
 s - a +0 dagger
 v - a +3 whip (weapon)
Missiles
 i - 2 javelins
 r - 8 poisoned darts
Armour
 a - a +0 robe
 u - a +0 leather armour (worn)
Jewellery
 f - an amulet of faith
Wands
 n - a wand of paralysis (1)
Scrolls
 c - a scroll of teleportation {unknown}
 d - a scroll of enchant armour {unknown}
 g - 2 scrolls of blinking {unknown}
 l - a scroll of enchant weapon {unknown}
 m - 4 scrolls of identify {unknown}
 t - 2 scrolls of amnesia {unknown}
Potions
 b - a potion of magic
 e - a potion of mutation
 h - a potion of haste {unknown}
 j - a potion of ambrosia {unknown}
 k - a potion of invisibility {unknown}
 o - a potion of lignification {unknown}
 p - a potion of brilliance {unknown}
 q - a potion of enlightenment


   Skills:
 + Level 3.2 Fighting
 + Level 3.3 Armour
 - Level 1.5 Dodging
 - Level 2.1 Stealth
 + Level 3.4 Spellcasting
 + Level 3.1 Conjurations
 - Level 2.0 Transmutations
 * Level 6.7 Earth Magic


You had 6 spell levels left.
You knew the following spells:

 Your Spells              Type           Power      Damage    Failure   Level
a - Sandblast             Erth           50%        2d12      1%          1
b - Stone Arrow           Conj/Erth      38%        3d9       9%          3
c - Passwall              Tmut/Erth      14%        N/A       5%          2

Your spell library contained the following spells:

 Spells                   Type           Power      Damage    Failure   Level
 Magic Dart               Conj           52%        1d5       6%          1
 Searing Ray              Conj           26%        2d5       9%          2
 Apportation              Tloc           4%         N/A       22%         1
 Slow                     Hex            8%         N/A       22%         1
 Ensorcelled Hibernation  Hex/Ice        4%         N/A       32%         2
 Petrify                  Tmut/Erth      17%        N/A       34%         4
 Confusing Touch          Hex            2%         N/A       54%         3
 Swiftness                Air            2%         N/A       54%         3
 Vampiric Draining        Necr           2%         2d6       54%         3
 Fulminant Prism          Conj/Hex       4%         3d5       73%         4
 Alistair's Intoxication  Tmut/Pois      4%         N/A       98%         5


Dungeon Overview and Level Annotations

Branches:
Dungeon (4/15)             Temple (1/1) D:4

Altars:
Cheibriados
Fedhas
Gozag
Hepliaklqana
Kikubaaqudgha
Makhleb
Nemelex Xobeh
Okawaru
Ru
Sif Muna
Vehumet
Wu Jian
Xom
Zin
The Shining One

Annotations:
D:3 1 runed translucent door, Crazy Yiuf, Ijyb
D:4 4 runed translucent doors


Innate Abilities, Weirdness & Mutations

You are immune to sickness and miasma.
Your stone body is resilient. (AC +4)
You are immune to poison.
You resist negative energy. (rN+)
You are resistant to electric shocks. (rElec)
You are resistant to unholy torment.
You are immune to petrification.
Your large and strong wings let you fly.
You have large cloven feet.
Armour fits poorly on your strangely shaped body.


Message History

Casting: Sandblast (safe; 1% risk of failure)
Confirm with . or Enter, or press ? or * to list all spells.
Aiming: Stone Arrow (dangerous; 9% risk of failure)
Press: ? - help, Shift-Dir - straight line, f/p - wyvern
Aim: a wyvern (moderately wounded, 68% to hit)
The stone arrow misses the wyvern.
The wyvern closely misses you.
Casting: Stone Arrow (dangerous; 9% risk of failure)
Confirm with . or Enter, or press ? or * to list all spells.
Aiming: Stone Arrow (dangerous; 9% risk of failure)
Press: ? - help, Shift-Dir - straight line, f/p - wyvern
Aim: a wyvern (moderately wounded, 68% to hit)
You miscast Stone Arrow.
You are very lightly contaminated with residual magic.
Nothing appears to happen.
The wyvern bites you! x2
* * * LOW HITPOINT WARNING * * *
Casting: Stone Arrow (dangerous; 9% risk of failure)
Confirm with . or Enter, or press ? or * to list all spells.
Aiming: Stone Arrow (dangerous; 9% risk of failure)
Press: ? - help, Shift-Dir - straight line, f/p - wyvern
Aim: a wyvern (moderately wounded, 68% to hit)
The stone arrow misses the wyvern.
The wyvern bites you.
* * * LOW HITPOINT WARNING * * *
Casting: Stone Arrow (dangerous; 9% risk of failure)
Confirm with . or Enter, or press ? or * to list all spells.
You don't have enough magic to cast this spell.
Casting: Stone Arrow (dangerous; 9% risk of failure)
Confirm with . or Enter, or press ? or * to list all spells.
You don't have enough magic to cast this spell.
Casting: Stone Arrow (dangerous; 9% risk of failure)
Confirm with . or Enter, or press ? or * to list all spells.
Aiming: Sandblast (safe; 1% risk of failure)
Press: ? - help, Shift-Dir - straight line, f/p - wyvern
Aim: a wyvern (moderately wounded, 83% to hit)
The blast of sand hits the wyvern.
The wyvern is heavily wounded.
The wyvern bites you.
* * * LOW HITPOINT WARNING * * *
The wyvern bites you.
You die...
Your body crumbles into a pile of gold.

####.##8.[8#####.##.#.#####....
#....#8....8# #).#.##....#.....
#.#..#[....!# ######..##.#.....
#.#..#/....:# #..##.#.....
#.##.#8....8# ##.##'#.....
#.#..##8cc8####### #..........
#.#...##++##.'.#.# #..........
#.#.#(.......#..#$ #..........
#.#.#..#.#...#@## #.##.......
#.#.#..#.#.#.##l...##..#.......
#.#.#..#[#.#..######...#.......
#.#.#..#.#.##........<.+.......
#.#.#..#'#.##.#.......##.......
#.#.#......##..................
#.#........####.....##########.
#.###......# #.....###########
#.# #.)....# #.....'..........


You could see a wyvern.

Vanquished Creatures
  Pikel (D:4)
  An ogre (D:4)
  A scorpion (D:3)
  A hound (D:4)
  Jessica (D:3)
  6 adders
  4 worms
  4 orcs
  5 ball pythons
  2 bats (D:3)
  9 endoplasms
  5 giant cockroaches
  3 goblins
  4 hobgoblins
  A quokka (D:4)
  2 frilled lizards (D:3)
  6 kobolds
  A rat (D:1)
57 creatures vanquished.

Notes
Turn   | Place    | Note
-------+----------+-------------------------------------------
     0 | D:1      | garrulousMonolith the Gargoyle Earth Elementalist began the
                  | quest for the Orb.
     0 | D:1      | Reached XP level 1. HP: 10/10 MP: 3/3
   347 | D:1      | Found a faded altar of an unknown god.
   532 | D:1      | Reached skill level 1 in Transmutations
   885 | D:2      | Reached XP level 2. HP: 15/15 MP: 3/5
  1911 | D:3      | Reached skill level 4 in Earth Magic
  1911 | D:3      | Reached XP level 3. HP: 20/20 MP: 3/6
  1915 | D:3      | Learned a level 3 spell: Stone Arrow
  1918 | D:3      | Learned a level 2 spell: Passwall
  2107 | D:3      | Found a runed translucent door.
  2108 | D:3      | Noticed Crazy Yiuf
  2371 | D:3      | Found an ornate altar of the Wu Jian Council.
  2492 | D:3      | Reached skill level 1 in Armour
  2529 | D:3      | Noticed Jessica
  2533 | D:3      | Killed Jessica
  2534 | D:3      | Reached skill level 1 in Fighting
  2534 | D:3      | Reached skill level 1 in Conjurations
  2534 | D:3      | Reached XP level 4. HP: 25/25 MP: 4/7
  2781 | D:3      | Found a sparkling altar of Nemelex Xobeh.
  2781 | D:3      | Noticed Ijyb
  3261 | D:4      | Found a large runed translucent door.
  3261 | D:4      | Found a large runed translucent door.
  3263 | D:4      | Noticed a centaur
  3263 | D:4      | Noticed a bullfrog
  3486 | D:4      | Noticed an ogre
  3609 | D:4      | Reached XP level 5. HP: 27/29 MP: 4/8
  3611 | D:4      | Killed an ogre
  3612 | D:4      | Reached skill level 5 in Earth Magic
  3617 | D:4      | Reached XP level 6. HP: 35/35 MP: 0/10
  3719 | D:4      | Found a hazy altar of Hepliaklqana.
  3858 | D:4      | Found a staircase to the Ecumenical Temple.
  3919 | Temple   | Entered the Ecumenical Temple
  3959 | Temple   | Became a worshipper of Gozag Ym Sagoz the Greedy
  4009 | D:4      | Found a large runed translucent door.
  4010 | D:4      | Found a large runed translucent door.
  4477 | D:4      | Noticed Pikel
  4503 | D:4      | Gained mutation: You have large cloven feet. [potion of
                  | mutation]
  4503 | D:4      | Gained mutation: Your large and strong wings let you fly.
                  | [potion of mutation]
  4503 | D:4      | Gained mutation: Armour fits poorly on your strangely
                  | shaped body. [potion of mutation]
  4512 | D:4      | Killed Pikel
  4513 | D:4      | Reached skill level 6 in Earth Magic
  4513 | D:4      | Reached XP level 7. HP: 6/41 MP: 3/12
  4523 | D:4      | HP: 2/41 [scorpion (2)]
  4707 | D:4      | Noticed a wyvern
  4712 | D:4      | HP: 1/41 [wyvern (6)]
  4713 | D:4      | Slain by a wyvern

Illustrated notes

Levels and vault maps discovered:
D:1:      spicycebolla_arrival_xxxplode, layout_basic,
          chequers_ecumenical_altar_island, kennysheep_nondescript
D:2:      layout_rooms, serial_co_window_serial, co_window_paths_a,
          co_window_corner_a, co_window_cross_1, co_window_paths_b,
          co_window_paths_b, co_window_2corner, co_window_unsneaky_path_e,
          co_window_of_opportunity_c, co_window_cross_2, co_window_corner_b,
          co_window_broadway_a, glass_columns_a, interstate_on_off,
          chequers_serial_rivers_large_b
D:3:      layout_basic, lemuel_round_altar, lemuel_tele_altar, serial_forest,
          infiniplex_forest_clump_curved, infiniplex_forest_clump_diagonal,
          infiniplex_forest_lined_1, infiniplex_forest_clump_curved,
          infiniplex_forest_straight_1, infiniplex_forest_end_3,
          infiniplex_forest_lined_3_way, uniq_ijyb, uniq_jessica,
          uniq_crazy_yiuf_cottage
D:4:      layout_basic, general_overflow_altar, minmay_temple_entry_nine_rooms,
          minmay_door_square, minmay_hollow_rounded_squares, uniq_pikel
Temple:   nicolae_temple_no_exploring_needed

Skill      XL: |  1  2  3  4  5  6 |
---------------+-------------------+-----
Transmutations | 1 2 |  2.0
Earth Magic    | 4 5 6 |  6.7
Armour         | 1 2 3 |  3.3
Fighting       | 1 3 |  3.2
Conjurations   | 1 3 |  3.1
Spellcasting   | 3 |  3.4
Dodging        | |  1.5
Stealth        | |  2.1

Action                     |  1- 3 |  4- 6 |  7- 9 || total
---------------------------+-------+-------+-------++-------
  Melee: Unarmed           |     1 |    98 |       ||    99
         Dagger            |       |    10 |       ||    10
         Punch             |       |     2 |       ||     2
         Whip              |       |     6 |       ||     6
   Cast: Sandblast         |    38 |    64 |     8 ||   110
         Stone Arrow       |       |     1 |     2 ||     3
  Evoke: Wand              |       |     3 |       ||     3
    Use: Potion            |       |     3 |       ||     3
 Armour: Robe              |     1 |     9 |       ||    10
         Leather armour    |       |    12 |     4 ||    16
  Dodge: Dodged            |     4 |    36 |     7 ||    47

Table legend: (Time is in decaauts)
 A = Elapsed time spent in this place.
 B = Non-inter-level travel time spent in this place.
 C = Inter-level travel time spent in this place.
 D = Time resting spent in this place.
 E = Time spent auto-exploring this place.
 F = Levels seen in this place.
 G = Mean time per level.
                   A        B        C        D        E       F      G
               +--------+--------+--------+--------+--------+-----+--------+
         Total |   4819 |   4665 |    154 |    276 |   3737 |   5 |  963.8 |
       Dungeon |   4771 |   4624 |    147 |    276 |   3737 |   4 | 1192.8 |
        Temple |     47 |     41 |      6 |      0 |      0 |   1 |   47.0 |
               +--------+--------+--------+--------+--------+-----+--------+

Top non-repeatable levels by time:
     D:3: 1521 daAuts
     D:4: 1303 daAuts
     D:2: 1113 daAuts
     D:1: 833 daAuts
  Temple: 47 daAuts
